 Dungeon Crawl Stone Soup version 0.29.0-4-gdea44cf6ec (webtiles) character file.

Game seed: 8655166911614757328

32 qw the Chopper (level 3, -4/21 HPs)
             Began as a Tengu Warper on Aug 28, 2022.
             Slain by Terence
             ... wielding a +0 trident
              (8 damage)
             ... on level 2 of the Dungeon.
             The game lasted 00:00:06 (1482 turns).

qw the Chopper (Tengu Warper)                       Turns: 1482, Time: 00:00:06

Health: -4/21      AC:  6    Str: 13    XL:     3   Next: 25%
Magic:  7/7        EV:  9    Int: 13    God:
Gold:   90         SH:  0    Dex: 13    Spells: 6/6 levels left

rFire   . . .      SeeInvis .   Y - +1 hand axe
rCold   + . .      Faith    .   (no shield)
rNeg    . . .      Spirit   .   f - +0 scale mail
rPois   .          Reflect  .   (helmet restricted)
rElec   .          Harm     .   (no cloak)
rCorr   .          Rampage  .   (no gloves)
Will    .....                   (boots unavailable)
Stlth   ..........              (no amulet)
HPRegen 0.07/turn               i - ring of protection from cold
MPRegen 0.10/turn               (no ring)

@: no status effects
A: beak, talons 3
a: no special abilities


You were on level 2 of the Dungeon.
You visited 1 branch of the dungeon, and saw 2 of its levels.

You collected 90 gold pieces.


Innate Abilities, Weirdness & Mutations

You have a beak for a mouth.
You have claws for feet.


   Skills:
 - Level 2.0 Fighting
 + Level 4.0 Axes
 - Level 1.0 Throwing
 - Level 1.1 Armour
 - Level 2.1 Dodging
 - Level 2.0 Spellcasting
 - Level 2.4 Translocations


You had 6 spell levels left.
You didn't know any spells.
Your spell library contained the following spells:

 Spells                   Type           Power      Damage    Failure   Level
 Blink                    Tloc           14%        N/A       56%         2
 Gell's Gravitas          Tloc           7%         N/A       80%         3
 Lesser Beckoning         Tloc           7%         N/A       80%         3
 Teleport Other           Tloc           7%         N/A       80%         3
 Manifold Assault         Tloc           7%         N/A       100%        5

Inventory:

Hand Weapons
 g - a +0 club
 Y - a +1 hand axe (weapon)
Armour
 f - a +0 scale mail (worn)
Jewellery
 i - a ring of protection from cold (left hand)
Scrolls
 a - a scroll of poison {unknown}
Potions
 b - a potion of lignification {unknown}
 h - a potion of curing {unknown}

Dungeon Overview and Level Annotations

Branches:
Dungeon (2/15)

Altars:

Annotations:
D:2 Terence


Message History

A quokka is nearby!
1413 ||| Stepping ~*~*~tactically~*~*~ (stealth).
You hit the quokka. You claw the quokka.
You kill the quokka!
You see here a quokka corpse.
A bat comes into view.
You barely miss the bat. Your kick misses the bat.
The bat hits you but does no damage. The bat barely misses you.
You hit the bat.
You kill the bat!
You see here a quokka corpse.
A rat comes into view.
You hit the rat.
You kill the rat!
Your Axes skill increases to level 4!
Found a leather armour.
Enter note:
b - a fizzy pink potion A frilled lizard comes into view.
The frilled lizard hisses angrily.
You hear a shout!
You hear an angry hiss.
Terence the Incautious comes into view.
He is wielding a +0 trident.
You barely miss the frilled lizard. Your kick misses the frilled lizard.
The frilled lizard completely misses you.
Terence bares his teeth.
You miss the frilled lizard. Your kick misses the frilled lizard.
The frilled lizard bites you but does no damage.
You barely miss the frilled lizard. Your peck misses the frilled lizard.
The frilled lizard bites you but does no damage.
You hit the frilled lizard.
You kill the frilled lizard!
Terence hits you from afar with a +0 trident.
Terence hits you with a +0 trident.
You barely miss Terence. You claw Terence. You peck Terence.
Terence is moderately wounded.
Terence hits you with a +0 trident. Terence hits you with a +0 trident!
You hit Terence but do no damage. Your peck misses Terence.
Terence is moderately wounded.
Terence hits you with a +0 trident!
You die...

..... ....
... #..##
#...#
#...#
#@.##
#.@.#
#...#
#...##
##...###
#.....###
##......##
###.....#
###...##
##...#


You could see Terence.

Vanquished Creatures
  A dart slug (D:1)
  3 ball pythons (D:1)
  2 bats
  6 endoplasms
  A giant cockroach (D:1)
  2 goblins (D:1)
  4 hobgoblins (D:1)
  A quokka (D:2)
  2 frilled lizards
  4 rats
26 creatures vanquished.

Notes
Turn   | Place    | Note
-------+----------+-------------------------------------------
     0 | D:1      | qw the Tengu Warper began the quest for the Orb.
     0 | D:1      | Reached XP level 1. HP: 12/12 MP: 4/4
     0 | D:1      | 0 ||| qw: Version: 0.1-a-89-g26bdef1
     0 | D:1      | 0 ||| qw: Game counter: 2053
     0 | D:1      | 0 ||| qw: Always use a shield: true
     0 | D:1      | 0 ||| qw: God list: Okawaru
     0 | D:1      | 0 ||| qw: Allow faded altars: false
     0 | D:1      | 0 ||| qw: Do Orc after D:15 true
     0 | D:1      | 0 ||| qw: Do second Lair branch before Depths: true
     0 | D:1      | 0 ||| qw: Lair rune preference: random
     0 | D:1      | 0 ||| qw: Plans: Normal
     0 | D:1      | 0 ||| PLANNING D:1-11
   361 | D:1      | Reached XP level 2. HP: 17/17 MP: 6/6
   369 | D:1      | Reached skill level 3 in Axes
   630 | D:1      | 630 ||| Stepping ~*~*~tactically~*~*~ (hiding).
   732 | D:1      | 732 ||| Stepping ~*~*~tactically~*~*~ (hiding).
   834 | D:1      | 834 ||| Stepping ~*~*~tactically~*~*~ (hiding).
  1242 | D:1      | 1242 ||| Stepping ~*~*~tactically~*~*~ (stealth).
  1246 | D:1      | 1246 ||| Stepping ~*~*~tactically~*~*~ (stealth).
  1248 | D:1      | 1248 ||| Stepping ~*~*~tactically~*~*~ (stealth).
  1267 | D:1      | Found a faded altar of an unknown god.
  1287 | D:1      | 1287 ||| UPGRADING to +0 scale mail.
  1297 | D:1      | 1297 ||| DROPPING +0 leather armour.
  1298 | D:1      | 1298 ||| UPGRADING to ring of protection from cold.
  1299 | D:1      | 1299 ||| READING scroll labelled CAYSHR GAFAS.
  1300 | D:1      | 1300 ||| READING scroll labelled YXAIGU HOPNA.
  1301 | D:1      | 1301 ||| DROPPING scroll of blinking.
  1357 | D:2      | 1357 ||| STAIRDANCE
  1366 | D:2      | 1366 ||| STAIRDANCE
  1369 | D:1      | Reached XP level 3. HP: 20/21 MP: 7/7
  1408 | D:2      | 1408 ||| Stepping ~*~*~tactically~*~*~ (stealth).
  1413 | D:2      | 1413 ||| Stepping ~*~*~tactically~*~*~ (stealth).
  1434 | D:2      | Reached skill level 4 in Axes
  1474 | D:2      | Noticed Terence
  1481 | D:2      | HP: 4/21 [Terence/+0 trident (9)]
  1482 | D:2      | Slain by Terence

Levels and vault maps discovered:
D:1:      doesnt_arrival_eight_statues, layout_loops_ring,
          shapermc_ecumenical_altar_mp_highgroup, kennysheep_doodads
D:2:      layout_rooms, serial_curves, eino_curves_04, eino_curves_01,
          uniq_terence

Skill      XL: |  1  2  3 |
---------------+----------+-----
Axes           | 3 4 |  4.0
Fighting       | |  2.0
Throwing       | |  1.0
Armour         | |  1.1
Dodging        | |  2.1
Spellcasting   | |  2.0
Translocations | |  2.4

Action                   || total
-------------------------++-------
Melee: Hand axe          ||    44
       Peck              ||     7
       Kick              ||    12
Throw: Boomerang         ||     7
  Use: Scroll            ||     2
Armor: Scale mail        ||     7
       Leather armour    ||     2
Dodge: Dodged            ||    15

Table legend:
 A = Non-vault XP
 B = Vault XP
 C = Vault XP percentage of total XP
 D = Non-vault monster count
 E = Vault monster count
 F = Vault count percentage of total count
                 A         B        C        D         E       F
            +---------+---------+-------+---------+---------+-------
      Total |      46 |       0 |   0.0 |      26 |       0 |   0.0
            +---------+---------+-------+---------+---------+-------
        D:1 |      39 |       0 |   0.0 |      21 |       0 |   0.0
        D:2 |       7 |       0 |   0.0 |       5 |       0 |   0.0
            +---------+---------+-------+---------+---------+-------
